 Dungeon Crawl Stone Soup version 0.23-a0-767-gdc19b93d68 (webtiles) character file.

478 Adamkad1 the Skirmisher (level 7, -9/56 HPs)
             Began as a Formicid Abyssal Knight on Jan 28, 2019.
             Was a Believer of Lugonu.
             Mangled by an orc warrior
             ... wielding a +0 flail
              (19 damage)
             ... on level 6 of the Dungeon.
             The game lasted 00:05:19 (5783 turns).

Adamkad1 the Skirmisher (Formicid Abyssal Knight)   Turns: 5783, Time: 00:05:19

Health: -9/56      AC:  9    Str: 18    XL:     7   Next: 33%
Magic:  10/10      EV: 10    Int: 12    God:    Lugonu [**....]
Gold:   217        SH:  0    Dex: 10    Spells: 6/6 levels left

rFire    . . .     SeeInvis +   t - +0 trident
rCold    . . .     Gourm    .   (no shield)
rNeg     . . .     Faith    .   m - +0 scale mail
rPois    .         Spirit   .   (helmet unavailable)
rElec    .         Reflect  .   g - +0 cloak
rCorr    .         Harm     .   q - +0 pair of gloves
MR       .....                  (no boots)
Stlth    ..........             (no amulet)
HPRegen  0.18/turn              (no ring)
MPRegen  0.12/turn              (no ring)

@: confused
A: permanent stasis, dig shafts and tunnels, four strong arms, antennae 3
a: Dig, Shaft Self, Depart the Abyss, Bend Space, Renounce Religion


You were on level 6 of the Dungeon.
You worshipped Lugonu.
Lugonu was pleased with you.
You were not hungry.

You visited 1 branch of the dungeon, and saw 6 of its levels.
You visited the Abyss 1 time.

You collected 217 gold pieces.

Inventory:

Hand Weapons
 a - a +1 spear
 t - a +0 trident (weapon)
Missiles
 l - 21 bolts
Armour
 b - a +0 leather armour
 g - a +0 cloak (worn)
 m - a +0 scale mail (worn)
 q - a +0 pair of gloves (worn)
Wands
 r - a wand of flame (28)
Scrolls
 d - 3 scrolls of blinking {unknown}
 e - 4 scrolls of identify {unknown}
 f - 2 scrolls of enchant weapon {unknown}
 h - 6 scrolls of remove curse {unknown}
 j - a scroll of amnesia {unknown}
 k - 2 scrolls of enchant armour {unknown}
 n - 4 scrolls of teleportation {unknown}
 o - a scroll of random uselessness {unknown}
Potions
 i - 4 potions of curing
 s - a potion of magic
Comestibles
 c - 5 rations


   Skills:
 * Level 5.1 Fighting
 + Level 3.0 Polearms
 * Level 4.5 Armour
 + Level 2.2 Dodging
 * Level 4.8 Invocations


You had 6 spell levels left.
You didn't know any spells.
Your spell library contained the following spells:

 Spells                   Type           Power        Failure   Level  Hunger
 Flame Tongue             Conj/Fire      #....        69%         1    ##.....
 Sting                    Conj/Pois      #...         69%         1    ##.....
 Poisonous Vapours        Pois/Air       #.....       83%         2    ###....
 Throw Flame              Conj/Fire      #.....       83%         2    ###....
 Conjure Flame            Conj/Fire      #.......     96%         3    ####...
 Inner Flame              Hex/Fire       #.......     96%         3    ####...
 Mephitic Cloud           Conj/Pois/Air  #.......     96%         3    ####...
 Olgreb's Toxic Radiance  Pois           #.......     100%        4    #####..
 Sticky Flame             Conj/Fire      #.......     100%        4    #####..
 Fireball                 Conj/Fire      #.........   100%        5    ######.
 Venom Bolt               Conj/Pois      #.........   100%        5    ######.


Dungeon Overview and Level Annotations

Branches:
Dungeon (6/15)             Temple (0/1) D:5

Altars:
Qazlal
Trog
Wu Jian
The Shining One

Annotations:
D:5 Grinder


Innate Abilities, Weirdness & Mutations

You cannot be hasted, slowed, berserked, paralysed or teleported.
You can dig through walls and to a lower floor.
Your four strong arms can wield two-handed weapons with a shield.
You have a pair of large antennae on your head. (SInv)


Message History

You kill the worker ant!
Lugonu accepts your kill.
You feel sick.
The orc warrior hits you with a +0 flail!
* * * LOW HITPOINT WARNING * * *
You barely miss the orc warrior.
The orc wizard begins to cast a cantrip, but forgets the words!
The orc warrior hits you but does no damage.
Unknown command.
You feel better.
You are confused.
You feel invigorated.
The orc warrior hits you with a +0 flail.
* * * LOW HITPOINT WARNING * * *
You miss the orc warrior.
The orc warrior hits you with a +0 flail!
* * * LOW HITPOINT WARNING * * *
You miss the orc warrior.
The orc warrior hits you with a +0 flail!!
You die...

### ..# #.# # #.# # #.# #
############.# #
#............# #
####@#######.##.#####
..#o# #.##...... #.#F#
#.######## #######o#o#
#.######## .......{oo#
#......... ######{oo#
##..##<.... ######o.o####
#..........
#o.{{..............#.####
..$.{{o....######...#..#


You could see an orc warrior, a bullfrog, 2 orc wizards and 4 orcs.

Vanquished Creatures
  Purgy (D:3)
  2 bullfrogs
  A hound (D:4)
  An orc wizard (D:4)
  2 worker ants
  4 adders
  An ooze (D:1)
  3 worms
  3 dart slugs
  4 leopard geckos
  11 orcs
  3 giant cockroaches
  6 goblins
  9 hobgoblins
  2 jackals (D:2)
  6 kobolds
  2 quokkas (D:2)
  A ball python (D:3)
  4 bats
  4 frilled lizards
  A jackal skeleton (D:4)
  15 rats
86 creatures vanquished.

Notes
Turn   | Place    | Note
-------+----------+-------------------------------------------
     0 | Abyss:1  | Adamkad1 the Formicid Abyssal Knight began the quest for
                  | the Orb.
     0 | Abyss:1  | Reached XP level 1. HP: 18/18 MP: 2/2
    11 | D:1      | Escaped the Abyss
    57 | D:1      | Reached skill level 1 in Dodging
    57 | D:1      | Reached XP level 2. HP: 12/24 MP: 3/3
   681 | D:1      | Reached XP level 3. HP: 28/29 MP: 5/5
  1398 | D:2      | Reached ** piety under Lugonu
  1490 | D:2      | Reached XP level 4. HP: 21/37 MP: 6/6
  1799 | D:2      | Found a stormy altar of Qazlal.
  2251 | D:2      | Reached skill level 4 in Fighting
  2759 | D:3      | Reached XP level 5. HP: 42/42 MP: 7/7
  2851 | D:3      | Found an ornate altar of the Wu Jian Council.
  2937 | D:3      | Noticed Purgy
  3062 | D:3      | Killed Purgy
  3062 | D:3      | Reached XP level 6. HP: 41/49 MP: 8/8
  3692 | D:4      | Found a glowing golden altar of the Shining One.
  3819 | D:4      | HP: 2/49 [poisoned by an adder]
  3827 | D:4      | HP: 1/49 [poisoned by an adder]
  3952 | D:4      | Reached *** piety under Lugonu
  4880 | D:5      | Entered Level 5 of the Dungeon
  4915 | D:5      | Found a staircase to the Ecumenical Temple.
  5021 | D:5      | Noticed Grinder
  5468 | D:5      | Reached XP level 7. HP: 53/55 MP: 10/10
  5479 | D:5      | Noticed a moth of wrath
  5482 | D:5      | Found a bloodstained altar of Trog.
  5766 | D:6      | Reached skill level 5 in Fighting
  5778 | D:6      | HP: 1/56 [orc warrior/+0 flail (11)]
  5783 | D:6      | Mangled by an orc warrior

Vault maps used:
D:1:      dpeg_arrival_more_subterranean_lakeside_camping, minivault_23
D:2:      minmay_door_path, nicolae_qazlal_general_emergency
D:3:      marbit_many_paths, uniq_purgy
D:4:      lemuel_doored_altar, first_ration
D:5:      minmay_temple_entry_sparse_star, tgw_trog, uniq_grinder
D:6:      serial_shops, kennysheep_mini, nicolae_shop_stone, shop_statue,
          nicolae_shop_stone, shop

Skill      XL: |  1  2  3  4  5  6  7 |
---------------+----------------------+-----
Dodging        | 1 2 |  2.2
Invocations    | 3 4 |  4.8
Armour         | 3 4 |  4.5
Fighting       | 4 5 |  5.1
Polearms       | 3 |  3.0

Action                   |  1- 3 |  4- 6 |  7- 9 || total
-------------------------+-------+-------+-------++-------
Melee: Spear             |   149 |   267 |       ||   416
       Trident           |       |    23 |    46 ||    69
Invok: Bend Space        |       |     2 |       ||     2
       Banish            |       |     2 |       ||     2
  Use: Potion            |       |     7 |     2 ||     9
  Eat: Chunk             |     2 |    10 |     1 ||    13
       Ration            |       |     1 |       ||     1
Armor: Leather armour    |    25 |     8 |       ||    33
       Scale mail        |       |   121 |    35 ||   156
Dodge: Dodged            |    71 |   146 |    28 ||   245

Table legend:
 A = Non-vault XP
 B = Vault XP
 C = Vault XP percentage of total XP
 D = Non-vault monster count
 E = Vault monster count
 F = Vault count percentage of total count
                 A         B        C        D         E       F
            +---------+---------+-------+---------+---------+-------
      Total |     527 |     156 |  22.8 |      78 |       8 |   9.3
            +---------+---------+-------+---------+---------+-------
        D:1 |      35 |       0 |   0.0 |      18 |       0 |   0.0
        D:2 |      64 |      16 |  20.0 |      27 |       2 |   6.9
        D:3 |      32 |     136 |  81.0 |      13 |       2 |  13.3
        D:4 |     218 |       0 |   0.0 |      15 |       0 |   0.0
        D:5 |      49 |       4 |   7.5 |       3 |       4 |  57.1
        D:6 |     129 |       0 |   0.0 |       2 |       0 |   0.0
            +---------+---------+-------+---------+---------+-------
